 Dungeon Crawl Stone Soup version 0.28.0-47-ge53b351184 (webtiles) character file.

Game seed: 10994210287370184901

1583 101zpm the Thaumaturge (level 9, -2/55 HPs)
             Began as a Djinni Fire Elementalist on May 9, 2022.
             Slain by a hornet (13 damage)
             ... on level 5 of the Dungeon.
             The game lasted 00:10:01 (6356 turns).

101zpm the Thaumaturge (Djinni Fire Elementalist)   Turns: 6356, Time: 00:10:02

Health: -2/55      AC:  2    Str:  7    XL:     9   Next: 14%
Gold:   184        EV: 12    Int: 21    God:
                   SH:  0    Dex: 14

rFire   + + .      SeeInvis .   (no weapon)
rCold   x . .      Faith    .   (no shield)
rNeg    . . .      Spirit   .   a - +0 robe
rPois   ∞          Reflect  .   (no helmet)
rElec   .          Harm     .   (no cloak)
rCorr   .          Rampage  .   (no gloves)
Will    .....                   (boots unavailable)
Stlth   ++........              (no amulet)
HPRegen 0.18/turn               (no ring)
MPRegen 0.00/turn               (no ring)

@: flying
A: sickness immunity, fire resistance 2, cold vulnerability 1, float, innate
caster, HP casting, extra vitality 1
a: no special abilities


You were on level 5 of the Dungeon.
You visited 1 branch of the dungeon, and saw 6 of its levels.

You collected 184 gold pieces.

Inventory:

Armour
 a - a +0 robe (worn)
Jewellery
 b - a +6 ring of strength
 k - a +6 ring of dexterity
Wands
 f - a wand of flame (46)
Scrolls
 d - a scroll of identify {unknown}
 i - a scroll of noise {unknown}
 j - a scroll of enchant weapon {unknown}
 l - 2 scrolls of fog {unknown}
 n - a scroll of amnesia {unknown}
 o - a scroll of brand weapon {unknown}
Potions
 c - 4 potions of curing {unknown}
 e - a potion of attraction {unknown}
 g - a potion of brilliance {unknown}
 h - a potion of lignification {unknown}
 m - 2 potions of mutation {unknown}


   Skills:
 + Level 0.1 Fighting
 + Level 2.7 Dodging
 + Level 3.3 Stealth
 + Level 8.3 Spellcasting


You had 2 spell levels left.
You knew the following spells:

 Your Spells              Type           Power      Damage    Failure   Level
a - Foxfire               Conj/Fire      100%       2x1d9     1%          1
b - Scorch                Fire           86%        2d9       1%          2
c - Conjure Flame         Conj/Fire      43%        6-21      1%          3
d - Inner Flame           Hex/Fire       43%        N/A       1%          3
e - Flame Wave            Conj/Fire      43%        2d9       2%          4
f - Sting                 Tmut/Pois      100%       1d8       1%          1
g - Static Discharge      Conj/Air       43%        N/A       1%          2
h - Ignite Poison         Fire/Tmut/Pois 43%        N/A       1%          3
i - Swiftness             Air            43%        N/A       1%          3
Your spell library was empty.

Dungeon Overview and Level Annotations

Branches:
Dungeon (6/15)
 Temple: D:4-7

Altars:
Ashenzari
Dithmenos
Gozag
Uskayaw
Vehumet
The Shining One


Innate Abilities, Weirdness & Mutations

You are immune to sickness and miasma.
You are immune to poison.
Your flesh is very heat resistant. (rF++)
You are vulnerable to cold. (rC-)
You float through the air rather than walking.
You learn spells naturally, not from books.
Your magical power is your life essence.
You have superior vitality. (+4 MHP)


Message History

Aim: a hornet (flame, chance to affect: 86%)
The hornet barely resists.
Your foxfire dissipates!
The foxfire hits the hornet but does no damage.
The howler monkey hoots and howls with incredible vigour!
The hornet is engulfed in blazing flames.
You conjure some foxfire!
The hornet is engulfed in blazing flames.
A water moccasin skeleton comes into view.
Casting: Foxfire (safe; 1% risk of failure)
Confirm with . or Enter, or press ? or * to list all spells.
Aiming: Inner Flame (safe; 1% risk of failure)
Press: ? - help, Dir - move target, f - hornet
Aim: a hornet (moderately wounded, ally target, chance to affect: 86%)
The hornet is filled with an inner flame.
The foxfire hits the hornet.
Flame seeps out of the hornet.
The hornet is heavily wounded.
The hornet is engulfed in blazing flames.
Flame seeps out of the hornet.
Casting: Inner Flame (safe; 1% risk of failure)
Confirm with . or Enter, or press ? or * to list all spells.
Okay, then.
Casting: Foxfire (safe; 1% risk of failure)
Press: ? - help, Q - select action, (/) - cycle Dir - look around, f - activate You conjure some foxfire!
The hornet stings you! The hornet stings you.
The howler monkey is engulfed in blazing flames.
Your foxfire dissipates!
The foxfire hits the hornet but does no damage.
The hornet is almost dead.
You feel a bit more experienced. The hornet barely misses you.
There is an open door here.
The hornet stings you!
* * * LOW HITPOINT WARNING * * *
Casting: Foxfire (safe; 1% risk of failure)
Press: ? - help, Q - select action, (/) - cycle Dir - look around, f - activate You conjure some foxfire!
* * * LOW HITPOINT WARNING * * *
The hornet stings you!
You die...

###......#....#..#..#####.#..#.##
........##....#.###..#..##.#..#.#
####..........#.#..###.. ##.#..#.
##.........####..#.h ##.#...
##........##..###.# ##.#..
##.......###..#..# ##.#.
#.......#..###.# ##..
##......#.vy'..# ##.
##....####@################
#...### #.v.##..........#..
##..## ##...#.........###. ##...#
##............# #. ##....####
#..#######.######
##........########...##...##...
###...............# .⌠....⌠....⌠.
#.................##...##...##...
#........#.........#######.######


You could see a hornet (inner flame, ally target).

Vanquished Creatures
  2 water moccasins (D:5)
  An ice beast (D:3)
  2 ogres (D:4)
  A centaur (D:5)
  A necrophage (D:6)
  2 phantoms
  3 scorpions (D:5)
  A water moccasin zombie (D:5)
  A water moccasin skeleton (D:4)
  2 howler monkeys (D:5)
  A hound (D:5)
  An orc priest (D:3)
  2 jellies (D:5)
  A centaur skeleton (D:6)
  6 iguanas
  A hound zombie (D:5)
  A hound skeleton (D:4)
  6 adders
  A white imp (D:5)
  An ufetubus (D:4)
  A worm (D:5)
  A dart slug (D:3)
  6 orcs
  5 bats
  5 endoplasms
  5 giant cockroaches
  7 goblins
  3 hobgoblins (D:4)
  5 jackals (D:4)
  6 kobolds
  2 quokkas
  3 ball pythons
  2 frilled lizards
  5 rats
93 creatures vanquished.

Vanquished Creatures (others)
  395 foxfires
395 creatures vanquished.

Grand Total: 488 creatures vanquished

Notes
Turn   | Place    | Note
-------+----------+-------------------------------------------
     0 | D:1      | 101zpm the Djinni Fire Elementalist began the quest for the
                  | Orb.
     0 | D:1      | Reached XP level 1. HP: 15/15 MP: 0/0
    36 | D:1      | Found a faded altar of an unknown god.
   279 | D:1      | Reached XP level 2. HP: 20/21 MP: 0/0
  1123 | D:2      | Reached skill level 3 in Spellcasting
  1123 | D:2      | Reached XP level 3. HP: 21/25 MP: 0/0
  1123 | D:2      | Learned a level 1 spell: Sting
  1451 | D:3      | Reached XP level 4. HP: 19/31 MP: 0/0
  2348 | D:3      | Noticed an ice beast
  2354 | D:3      | Killed an ice beast
  2355 | D:3      | Reached skill level 4 in Spellcasting
  2355 | D:3      | Reached XP level 5. HP: 26/35 MP: 0/0
  2355 | D:3      | Learned a level 2 spell: Static Discharge
  2600 | D:4      | Reached XP level 6. HP: 35/40 MP: 0/0
  3239 | D:4      | Found a hide-covered altar of Uskayaw.
  3253 | D:4      | Found a broken altar of Ashenzari.
  3253 | D:4      | Found an opulent altar of Gozag.
  3604 | D:4      | Reached skill level 5 in Spellcasting
  3604 | D:4      | Reached XP level 7. HP: 35/45 MP: 0/0
  3604 | D:4      | Learned a level 3 spell: Ignite Poison
  4122 | D:5      | Entered Level 5 of the Dungeon
  4464 | D:5      | Reached skill level 6 in Spellcasting
  4537 | D:6      | Reached XP level 8. HP: 39/50 MP: 0/0
  4890 | D:5      | Found a shadowy altar of Dithmenos.
  5542 | D:5      | Found a glowing golden altar of the Shining One.
  5816 | D:5      | Reached skill level 7 in Spellcasting
  6217 | D:5      | Reached skill level 8 in Spellcasting
  6217 | D:5      | Reached XP level 9. HP: 42/55 MP: 0/0
  6217 | D:5      | Learned a level 3 spell: Swiftness
  6348 | D:5      | Noticed a hornet
  6356 | D:5      | Slain by a hornet

Illustrated notes

Levels and vault maps discovered:
D:1:      shiori_shiawase, layout_rooms, chequers_ecumenical_altar_simple
D:2:      layout_loops_corners
D:3:      layout_rooms, kennysheep_generic_room_9
D:4:      layout_loops_ring, grunt_temple_overflow_open, uniq_robin
D:5:      minmay_razor_zed, layout_layer_cave, nicolae_dithmenos_the_darkroom,
          tso_oasis_becter, grunt_ministairs_5, hangedman_decor_opposing,
          st_stairs_12
D:6:      layout_loops_cross, temple_doors_cd, supply_closet_lemuel

Skill      XL: |  1  2  3  4  5  6  7  8 |
---------------+-------------------------+-----
Spellcasting   | 3 4 5 6 8 |  8.3
Stealth        | 2 3 |  3.3
Fighting       | |  0.1
Dodging        | |  2.7

Action                   |  1- 3 |  4- 6 |  7- 9 || total
-------------------------+-------+-------+-------++-------
 Cast: Foxfire           |    57 |   110 |    90 ||   257
       Scorch            |     6 |    17 |    29 ||    52
       Inner Flame       |       |    11 |    19 ||    30
Armor: Robe              |     1 |     1 |     3 ||     5
Dodge: Dodged            |     4 |     3 |    11 ||    18
